 Dungeon Crawl Stone Soup version 0.29.1 (webtiles) character file.

Game seed: 534340165194166458

844 unlimited1921 the Magician (level 8, -2/51 HPs)
             Began as a Djinni Fire Elementalist on Sept 14, 2022.
             Slain by a killer bee (3 damage)
             ... on level 5 of the Dungeon.
             The game lasted 00:30:04 (10206 turns).

unlimited1921 the Magician (DjFE)                  Turns: 10206, Time: 00:30:04

Health: -2/51      AC:  5    Str:  7    XL:     8   Next: 20%
Gold:   46         EV: 10    Int: 18    God:
                   SH:  7    Dex: 15

rFire   + + +      SeeInvis .   d - +3 spear
rCold   x . .      Faith    .   x - +0 kite shield
rNeg    . . .      Spirit   .   h - +0 leather armour
rPois   ∞          Reflect  .   (no helmet)
rElec   .          Harm     .   s - +0 cloak
rCorr   +          Rampage  .   c - +0 pair of gloves
Will    .....                   (boots unavailable)
Stlth   ++........              (no amulet)
HPRegen 0.17/turn               k - ring of resist corrosion
MPRegen 0.00/turn               w - ring of protection from fire

@: flying, very slightly contaminated
A: sickness immunity, fire resistance 2, cold vulnerability 1, float, innate
caster, HP casting, extra vitality 1
a: no special abilities


You were on level 5 of the Dungeon.
You visited 1 branch of the dungeon, and saw 5 of its levels.

You collected 227 gold pieces.
You spent 181 gold pieces at shops.

Inventory:

Hand Weapons
 d - a +3 spear (weapon)
 i - a +0 hand axe
Missiles
 g - 53 stones
 u - 2 throwing nets
Armour
 a - a +0 robe
 c - a +0 pair of gloves (worn)
 h - a +0 leather armour (worn)
 n - a +0 ring mail
 s - a +0 cloak (worn)
 x - a +0 kite shield (worn)
Jewellery
 k - a ring of resist corrosion (left hand)
 w - a ring of protection from fire (right hand)
Scrolls
 b - 2 scrolls of immolation {unknown}
 e - a scroll of blinking
 j - a scroll of vulnerability
 l - 3 scrolls of teleportation
 r - a scroll of fear
 t - 2 scrolls of butterflies {unknown}
 v - a scroll of magic mapping
Potions
 f - a potion of brilliance
 m - 2 potions of attraction
 o - 3 potions of curing {unknown}
 p - a potion of might


   Skills:
 + Level 0.4 Fighting
 + Level 1.7 Armour
 + Level 3.5 Dodging
 + Level 2.4 Stealth
 * Level 0.5 Shields
 + Level 6.3 Spellcasting


You couldn't memorise any spells.
You knew the following spells:

 Your Spells              Type           Power      Damage    Failure   Level
a - Foxfire               Conj/Fire      100%       2x1d9     4%          1
b - Scorch                Fire           56%        2d8       7%          2
c - Conjure Flame         Conj/Fire      28%        6-21      13%         3
d - Inner Flame           Hex/Fire       28%        N/A       13%         3
e - Flame Wave            Conj/Fire      28%        2d9       41%         4
f - Sting                 Tmut/Pois      100%       1d8       4%          1
g - Blink                 Tloc           56%        N/A       7%          2
h - Ignite Poison         Fire/Tmut/Pois 28%        N/A       13%         3
Your spell library was empty.

Dungeon Overview and Level Annotations

Branches:
Dungeon (5/15)
 Temple: D:4-7

Altars:

Shops:
D:4 ?


Innate Abilities, Weirdness & Mutations

You are immune to sickness and miasma.
You are immune to poison.
Your flesh is very heat resistant. (rF++)
You are vulnerable to cold. (rC-)
You float through the air rather than walking.
You learn spells naturally, not from books.
Your magical power is your life essence.
You have superior vitality. (+4 MHP)


Message History

The killer bee misses you. You block the killer bee's attack.
The hound bites you.
* * * LOW HITPOINT WARNING * * *
The killer bee stings you but does no damage.
The killer bee barely misses you.
Unknown command.
Blink to where?
Press: ? - help, Dir - move target, p - killer bee
As you read the scroll of blinking, it crumbles to dust.
You feel yourself speed up.
Casting: Foxfire (safe; 4% risk of failure)
Confirm with . or Enter, or press ? or * to list all spells.
Okay, then.
The air fills with toxic fumes!
As you read the scroll of poison, it crumbles to dust.
Unknown command.
Casting: Foxfire (safe; 4% risk of failure)
Confirm with . or Enter, or press ? or * to list all spells.
You don't know that spell.
Unknown command.
Casting: Foxfire (safe; 4% risk of failure)
Confirm with . or Enter, or press ? or * to list all spells.
The fire begins to smoulder!
* * * LOW HITPOINT WARNING * * *
An iguana comes into view.
The fire ignites!
The iguana hisses menacingly.
There is an open door here.
Casting: Conjure Flame (dangerous; 13% risk of failure)
Confirm with . or Enter, or press ? or * to list all spells.
You miscast Conjure Flame.
You are very lightly contaminated with residual magic.
Nothing appears to happen.
* * * LOW HITPOINT WARNING * * *
Casting: Conjure Flame (dangerous; 13% risk of failure)
Confirm with . or Enter, or press ? or * to list all spells.
The fire begins to smoulder!
* * * LOW HITPOINT WARNING * * *
The killer bee stings you.
You die...

#.##...###........
#.#...............
#.#........#######
###'#........#
#....##.......#
#....##.....#.#
#..l.##.......#
###y###.......#
#@# #......... #.#
#.)...#### #.#
###.... #.# #.#
#.# #.# #.# #.#


You could see an iguana and a killer bee.

Vanquished Creatures
  Duvessa (D:4)
  An ice beast (D:5)
  2 scorpions
  A necrophage (D:5)
  Dowan (D:4)
  A killer bee (D:5)
  A jelly (D:5)
  An iguana (D:4)
  3 orc wizards
  4 gnolls (D:2)
  8 adders
  An ufetubus (D:5)
  2 worms
  2 dart slugs
  16 orcs
  8 ball pythons
  8 endoplasms
  7 giant cockroaches
  6 goblins
  7 hobgoblins
  3 jackals (D:2)
  6 quokkas
  9 bats
  5 frilled lizards
  13 kobolds
  5 rats
122 creatures vanquished.

Vanquished Creatures (others)
  220 foxfires
220 creatures vanquished.

Grand Total: 342 creatures vanquished

Notes
Turn   | Place    | Note
-------+----------+-------------------------------------------
     0 | D:1      | unlimited1921 the Djinni Fire Elementalist began the quest
                  | for the Orb.
     0 | D:1      | unlimited1921 set off with the following spells memorised:
                  | Foxfire, Scorch, Conjure Flame, Inner Flame, Flame Wave.
     0 | D:1      | Reached XP level 1. HP: 15/15 MP: 0/0
  1033 | D:1      | Reached XP level 2. HP: 19/21 MP: 0/0
  1842 | D:1      | Reached skill level 3 in Spellcasting
  1938 | D:1      | Reached XP level 3. HP: 13/25 MP: 0/0
  1938 | D:1      | Learned a level 1 spell: Sting
  2275 | D:1      | Found a faded altar of an unknown god.
  3477 | D:2      | Reached XP level 4. HP: 15/31 MP: 0/0
  4368 | D:2      | Noticed a scorpion
  4620 | D:2      | Reached XP level 5. HP: 21/35 MP: 0/0
  4620 | D:2      | Learned a level 2 spell: Blink
  4821 | D:2      | Reached skill level 4 in Spellcasting
  6443 | D:3      | HP: 1/52 [something/puff of flame (10)]
  6446 | D:3      | Reached XP level 6. HP: 1/40 MP: 0/0
  7953 | D:4      | Reached skill level 5 in Spellcasting
  8069 | D:4      | Reached XP level 7. HP: 23/45 MP: 0/0
  8069 | D:4      | Learned a level 3 spell: Ignite Poison
  8823 | D:4      | Found Guaw's Magic Scroll Shop.
  8863 | D:4      | Noticed Duvessa
  8865 | D:4      | Noticed Dowan
  8875 | D:4      | Killed Duvessa
  8876 | D:4      | Reached skill level 1 in Armour
  9179 | D:4      | Killed Dowan
  9385 | D:4      | Bought a scroll of fear for 44 gold pieces
  9385 | D:4      | Bought a scroll of identify for 22 gold pieces
  9385 | D:4      | Bought a scroll of magic mapping for 82 gold pieces
  9385 | D:4      | Bought a scroll of teleportation for 33 gold pieces
  9872 | D:5      | Entered Level 5 of the Dungeon
  9946 | D:5      | Reached skill level 6 in Spellcasting
  9946 | D:5      | Reached XP level 8. HP: 36/50 MP: 0/0
 10206 | D:5      | Slain by a killer bee

Illustrated notes

Levels and vault maps discovered:
D:1:      eino_arrival_water_star, layout_loops_corners,
          hellmonk_ecumenical_altar_heavens_door
D:2:      minmay_general_purpose_star, layout_basic, lightli_corner_chamber
D:3:      layout_loops_ring
D:4:      layout_basic, serial_shops, nicolae_shop_trees, uniq_duvessa
D:5:      layout_basic

Skill      XL: |  1  2  3  4  5  6  7 |
---------------+----------------------+-----
Spellcasting   | 3 4 5 6 |  6.3
Dodging        | 3 |  3.5
Stealth        | 2 |  2.4
Armour         | 1 |  1.7
Fighting       | |  0.4
Shields        | |  0.5

Action                   |  1- 3 |  4- 6 |  7- 9 || total
-------------------------+-------+-------+-------++-------
Melee: Spear             |       |     4 |       ||     4
 Cast: Foxfire           |    50 |    80 |    24 ||   154
       Scorch            |    14 |    62 |     6 ||    82
       Inner Flame       |     3 |     7 |    12 ||    22
       Blink             |       |     1 |       ||     1
       Sting             |       |     1 |     9 ||    10
       Ignite Poison     |       |       |     2 ||     2
       Conjure Flame     |       |       |     2 ||     2
  Use: Potion            |       |     8 |       ||     8
       Scroll            |       |       |     6 ||     6
Armor: Robe              |     5 |     9 |       ||    14
       Skin              |       |    21 |       ||    21
       Leather armour    |       |     3 |     5 ||     8
Dodge: Dodged            |     3 |    25 |    24 ||    52
Block: Kite shield       |       |       |    10 ||    10
